 Seeded DCSS version 0.28.0-45-g0d030f2227 (webtiles) character file.

Game seed: 7525391049535536568 (custom seed)

3085 oldmanjim the Thrower (level 9, -3/96 HPs)
             Began as an Ogre Hunter on Apr 16, 2022.
             Was a Follower of Sif Muna.
             Slain by a wyvern (6 damage)
             ... on level 7 of the Dungeon.
             The game lasted 00:59:58 (9706 turns).

oldmanjim the Thrower (Ogre Hunter)                 Turns: 9706, Time: 00:59:59

Health: -3/96      AC:  3    Str: 13    XL:     9   Next: 89%
Magic:  12/12      EV:  8    Int: 16    God:    Sif Muna [*.....]
Gold:   1451       SH:  8    Dex:  9    Spells: 12/12 levels left

rFire   + . .      SeeInvis .   b - +8 war axe of Dishonour {vorpal, rElec rF+ Will++ Str-5 Stlth-}
rCold   . . .      Faith    .   k - +2 kite shield {reflect}
rNeg    . . .      Spirit   .   h - +0 robe
rPois   .          Reflect  +   (helmet restricted)
rElec   +          Harm     .   (no cloak)
rCorr   .          Rampage  .   (gloves unavailable)
Will    ++...                   (boots unavailable)
Stlth   ..........              (no amulet)
HPRegen 0.26/turn               (no ring)
MPRegen 0.13/turn               (no ring)

@: studying Throwing
A: large, unfitting armour, tough skin 1
a: Renounce Religion, Channel Magic


You were on level 7 of the Dungeon.
You worshipped Sif Muna.
Sif Muna was aware of your devotion.
You visited 2 branches of the dungeon, and saw 9 of its levels.

You collected 1451 gold pieces.

Inventory:

Hand Weapons
 a - a +2 dagger of speed
 b - the +8 war axe of Dishonour (weapon) {vorpal, rElec rF+ Will++ Str-5 Stlth-}
   (You found it on level 2 of the Dungeon)

   It inflicts extra damage upon your enemies.
   Str:       It affects your strength (-5).
   rF:        It protects you from fire.
   rElec:     It insulates you from electricity.
   Will:      It greatly increases your willpower.
   Stlth:     It makes you less stealthy.
Missiles
 c - 5 large rocks
 f - 222 stones
 i - 13 poisoned darts
 j - 2 silver boomerangs
 s - 2 throwing nets
Armour
 h - a +0 robe (worn)
 k - a +2 kite shield of reflection (worn)
 p - a scarf of shadows
Wands
 d - a wand of iceblast (8)
 o - a wand of paralysis (1)
 q - a wand of acid (7) (quivered)
Scrolls
 r - a scroll of amnesia
Potions
 e - a potion of magic
 g - 2 potions of curing
 l - 2 potions of lignification
 n - a potion of haste


   Skills:
 - Level 8.0 Fighting
 + Level 7.3 Axes
 + Level 11.4 Throwing
 - Level 3.0 Dodging
 - Level 0.6 Stealth
 + Level 1.5 Shields
 + Level 2.1 Spellcasting
 + Level 3.8 Invocations


You had 12 spell levels left.
You didn't know any spells.
Your spell library contained the following spells:

 Spells                   Type           Power      Damage    Failure   Level
 Magic Dart               Conj           4%         1d3       45%         1
 Call Imp                 Summ           1%         N/A       61%         2
 Ensorcelled Hibernation  Hex/Ice        2%         N/A       61%         2
 Passwall                 Tmut/Erth      0%         N/A       61%         2
 Call Canine Familiar     Summ           1%         N/A       83%         3
 Mephitic Cloud           Conj/Pois/Air  1%         N/A       83%         3
 Portal Projectile        Hex/Tloc       2%         N/A       83%         3
 Swiftness                Air            1%         N/A       83%         3
 Leda's Liquefaction      Hex/Erth       0%         N/A       99%         4


Dungeon Overview and Level Annotations

Branches:
Dungeon (8/15)             Temple (1/1) D:5
   Lair: D:8-11

Altars:
Ashenzari
Cheibriados
Dithmenos
Elyvilon
Fedhas
Gozag
Hepliaklqana
Kikubaaqudgha
Nemelex Xobeh
Okawaru
Qazlal
Ru
Sif Muna
Trog
Uskayaw
Vehumet
Wu Jian
Xom
Yredelemnul
Zin
The Shining One

Shops:
D:7 (

Annotations:
D:6 1 runed translucent door, exclusion: door, Crazy Yiuf


Innate Abilities, Weirdness & Mutations

You are too large for most types of armour.
You have tough skin. (AC +1)


Message History

The orc wizard gestures at you while chanting.
The magic dart hits you!
You slash the orc wizard!
You kill the orc wizard!
Sif Muna accepts your kill.
There is a stone staircase leading up, spattered with blood here.
The wyvern hisses menacingly.
You hit the wyvern but do no damage.
The orc hits you from afar with a +0 trident!
The wyvern bites you. You block the orc's attack.
You closely miss the wyvern. The wyvern bites you! The wyvern bites you.
You block the orc's attack.
An orc priest comes into view. It is wielding a +0 short sword.
You hit the wyvern.
The wyvern is lightly wounded.
You hit the ice beast. The wyvern bites you!! The wyvern barely misses you.
The orc barely misses you. You block the ice beast's attack.
You are too injured to fight recklessly!
You block the wyvern's attack.
The orc hits you from afar with a +0 trident.
The ice beast hits you. The ice beast freezes you!
* * * LOW HITPOINT WARNING * * *
The wyvern closely misses you.
You climb upwards.
There is a stone staircase leading down here.
The wyvern bites you!
* * * LOW HITPOINT WARNING * * *
Number of times to repeat, then command key: You must enter the number of times for the command to repeat.
Aiming: Corrosive Bolt
Press: ? - help, Q - select action, (/) - cycle Shift-Dir - straight line, f - wyvern
Aim: a wyvern (lightly wounded, 71% to hit)
The bolt of acid hits the wyvern!
The acid corrodes the wyvern!
The wyvern is heavily wounded.
The wyvern bites you!
* * * LOW HITPOINT WARNING * * *
You block the wyvern's attack. You block the wyvern's attack.
The wyvern bites you.
You die...

### #.###########.#.# #<#
#..........##.#.# #.#
#.########....... #.# #.#
#.#........ ## #.# #.#
#.....#.### .# ###.###
#.#####.#.#...... .###.....#####
#.........#.....#
.............#####..............#
................@l....>.#........
####.#.#.####.####.###...........
#.#.#.......# #.Y.............
####.#.#######.###..##.........##
.......#####.#...................
................##..............#
####.#######.#..###.#....##.....#
#.# #.#..###.............. ###.#
#.#...####......(.....


You could see a wyvern (corroded) and an ice beast.

Vanquished Creatures
  A troll (D:6)
  A steam dragon (D:7)
  Menkaure (D:7)
  A water moccasin (D:5)
  A necrophage (D:4)
  4 sky beasts
  2 ice beasts (D:7)
  An orc warrior (D:4)
  3 ogres
  2 bullfrogs
  2 scorpions (D:5)
  A water moccasin zombie (D:6)
  A water moccasin skeleton (D:6)
  5 wights (D:7)
  A centaur zombie (D:6)
  A bullfrog zombie (D:7)
  3 hounds
  2 jellies
  4 orc priests
  2 bullfrog skeletons (D:6)
  3 iguanas
  Ijyb (D:5)
  8 orc wizards
  A killer bee zombie (D:7)
  A hound skeleton (D:4)
  Robin (D:4)
  A howler monkey skeleton (D:6)
  7 adders
  A river rat (D:6)
  A shadow imp (D:6)
  5 worms
  A dart slug (D:4)
  27 orcs
  6 ball pythons
  5 endoplasms
  3 giant cockroaches
  12 goblins
  10 hobgoblins
  6 quokkas
  4 bats
  A frilled lizard (D:1)
  17 kobolds
  9 rats
170 creatures vanquished.

Notes
Turn   | Place    | Note
-------+----------+-------------------------------------------
     0 | D:1      | oldmanjim the Ogre Hunter began the quest for the Orb.
     0 | D:1      | Reached XP level 1. HP: 22/22 MP: 1/1
   134 | D:1      | Found a faded altar of an unknown god.
   334 | D:1      | Reached XP level 2. HP: 13/31 MP: 2/2
  1102 | D:2      | Reached XP level 3. HP: 35/37 MP: 3/3
  2330 | D:2      | Identified the +8 war axe of Dishonour {vorpal, rElec rF+
                  | Will++ Str-5 Stlth-}
  2472 | D:3      | Reached XP level 4. HP: 47/48 MP: 4/4
  2596 | D:3      | Reached skill level 5 in Throwing
  2612 | D:3      | Found a hazy altar of Hepliaklqana.
  2793 | D:3      | Reached skill level 1 in Axes
  2848 | D:3      | Reached XP level 5. HP: 10/55 MP: 5/5
  3643 | D:3      | Noticed a sky beast
  3665 | D:3      | Killed a sky beast
  3666 | D:3      | Reached skill level 5 in Fighting
  3666 | D:3      | Reached XP level 6. HP: 19/66 MP: 6/6
  3953 | D:4      | Identified 2 scrolls of acquirement
  3953 | D:4      | Acquired 1149 gold pieces
  3954 | D:4      | Acquired a manual of Throwing
  3963 | D:4      | Noticed Robin
  3975 | D:4      | Killed Robin
  4166 | D:4      | Noticed an orc warrior
  4178 | D:4      | Killed an orc warrior
  4179 | D:4      | Reached skill level 6 in Throwing
  4547 | D:4      | Reached XP level 7. HP: 75/75 MP: 7/7
  4974 | D:4      | Reached skill level 7 in Throwing
  5248 | D:5      | Entered Level 5 of the Dungeon
  5689 | D:5      | Reached skill level 5 in Axes
  5689 | D:5      | Reached XP level 8. HP: 83/83 MP: 8/8
  5942 | D:5      | Reached skill level 8 in Throwing
  6174 | D:5      | Noticed Ijyb
  6181 | D:5      | Killed Ijyb
  6655 | D:5      | Found a staircase to the Ecumenical Temple.
  6696 | Temple   | Entered the Ecumenical Temple
  6938 | Temple   | Became a worshipper of Sif Muna the Loreminder
  6997 | D:6      | Reached skill level 9 in Throwing
  6997 | D:6      | Reached skill level 1 in Invocations
  7113 | D:6      | Noticed a troll
  7280 | D:6      | HP: 4/87 [troll (10)]
  7703 | D:6      | Reached skill level 10 in Throwing
  7703 | D:6      | Reached XP level 9. HP: 69/93 MP: 11/11
  7744 | D:6      | Killed a troll
  7775 | D:6      | Found a runed translucent door.
  7861 | D:6      | Reached * piety under Sif Muna
  8192 | D:6      | Noticed Crazy Yiuf
  8289 | D:7      | Found Zuciydu's Weapon Shoppe.
  8348 | D:7      | Noticed Menkaure
  8353 | D:7      | Killed Menkaure
  8354 | D:7      | Reached skill level 11 in Throwing
  8471 | D:7      | Found a broken altar of Ashenzari.
  8562 | D:7      | Acquired a +2 kite shield of reflection
  8652 | D:7      | Reached skill level 1 in Spellcasting
  8815 | D:7      | Reached skill level 1 in Shields
  9702 | D:7      | HP: 2/96 [wyvern (17)]
  9706 | D:7      | Slain by a wyvern

Illustrated notes

Levels and vault maps discovered:
D:1:      saegor_arrival_simple_a, layout_rooms,
          hellmonk_ecumenical_altar_inner_sanctum, serial_bayou_pond_b
D:2:      layout_basic
D:3:      layout_basic, mainiacjoe_overflow_chevrons
D:4:      minmay_general_purpose_star, layout_rooms, guppyfry_early_orc_mine,
          uniq_robin
D:5:      layout_basic, minmay_temple_entry_glassed_door,
          hangedman_decor_diamond_cutter, uniq_ijyb
D:6:      layout_cave_pools, portal_sewer_entry_e, hangedman_decor_riveting,
          uniq_crazy_yiuf_cottage
D:7:      layout_basic, mainiacjoe_overflow_six_doors_small, serial_shops, shop,
          uniq_menkaure
D:8:      layout_cave_pools, serial_shops, nicolae_shop_waterfront,
          nicolae_shop_statue_plus, shop, kennysheep_mini,
          nicolae_take_the_stairs, uniq_pikel
Temple:   mainiacjoe_temple_bowtie_tessellation

Skill      XL: |  1  2  3  4  5  6  7  8  9 |
---------------+----------------------------+-----
Dodging        | 2 3 |  3.0
Fighting       | 3 4 5 6 7 8 |  8.0
Throwing       | 5 6 7 10 11 | 11.4
Axes           | 1 2 3 5 6 7 |  7.3
Invocations    | 3 |  3.8
Spellcasting   | 2 |  2.1
Shields        | 1 |  1.5
Stealth        | |  0.6

Action                   |  1- 3 |  4- 6 |  7- 9 || total
-------------------------+-------+-------+-------++-------
Melee: Short sword       |    63 |       |       ||    63
       Punch             |     2 |       |     2 ||     4
       Dagger            |    71 |       |       ||    71
       War axe           |     3 |    82 |   212 ||   297
Throw: Stone             |    71 |    39 |   146 ||   256
       Dart              |       |       |    15 ||    15
       Large rock        |       |       |     6 ||     6
       Throwing net      |       |       |     2 ||     2
Evoke: Wand              |       |       |     1 ||     1
  Use: Scroll            |     4 |     3 |     7 ||    14
 Stab: Sleeping          |     3 |       |       ||     3
Armor: Robe              |    29 |    24 |    42 ||    95
Dodge: Dodged            |    52 |    40 |   102 ||   194
Block: Kite shield       |       |       |    21 ||    21
